 Dungeon Crawl Stone Soup version 0.25-a0-565-g8875c97ebb (webtiles) character file.

Game seed: 9929014299508533239, levelgen mode: deterministic

152 Flugslaktarn the Covered (level 5, -8/49 HPs)
             Began as a Deep Dwarf Fighter on Feb 26, 2020.
             Mangled by a two-headed ogre
             ... wielding a +0 giant spiked club
              (28 damage)
             ... on level 4 of the Dungeon.
             The game lasted 00:00:31 (436 turns).

Flugslaktarn the Covered (Deep Dwarf Fighter)        Turns: 436, Time: 00:00:31

Health: -8/49      AC:  8    Str: 21    XL:     5   Next: 11%
Magic:  4/4        EV:  7    Int:  8    God:
Gold:   34         SH:  9    Dex: 12    Spells: 4/4 levels left

rFire    . . .     SeeInvis .   a - +0 war axe
rCold    . . .     Gourm    .   c - +0 kite shield
rNeg     . . .     Faith    .   b - +0 scale mail
rPois    .         Spirit   .   g - +0 helmet
rElec    .         Reflect  .   (no cloak)
rCorr    .         Harm     .   (no gloves)
MR       .....                  (no boots)
Stlth    ..........             (no amulet)
HPRegen  0.00/turn              (no ring)
MPRegen  0.09/turn              (no ring)

@: non-regenerating
A: damage resistance, heal wounds, sense surroundings 1, no regeneration
a: Heal Wounds


You were on level 4 of the Dungeon.
You were not hungry.

You visited 1 branch of the dungeon, and saw 4 of its levels.

You collected 34 gold pieces.

Inventory:

Hand Weapons
 a - a +0 war axe (weapon)
Armour
 b - a +0 scale mail (worn)
 c - a +0 kite shield (worn)
 g - a +0 helmet (worn)
   (You took it off Robin on level 3 of the Dungeon)
Scrolls
 f - a scroll of magic mapping {unknown}
 i - 2 scrolls of remove curse {unknown}
 k - a scroll of fog {unknown}
Potions
 d - a potion of might
 j - 2 potions of brilliance {unknown}
 l - a potion of mutation {unknown}
Comestibles
 e - a ration
 h - a chunk of flesh


   Skills:
 + Level 3.3 Fighting
 * Level 4.0 Axes
 + Level 4.1 Armour
 + Level 4.1 Shields


You had 4 spell levels left.
You didn't know any spells.
Your spell library was empty.

Dungeon Overview and Level Annotations

Branches:
Dungeon (4/15)
 Temple: D:4-7

Altars:


Innate Abilities, Weirdness & Mutations

You are resistant to damage.
You can heal yourself by infusing magical energy.
You passively map a small area around you.
You do not regenerate.


Message History

You are too injured to fight recklessly!
You are too injured to fight recklessly!
You are too injured to fight recklessly!
You are too injured to fight recklessly!
You are too injured to fight recklessly!
You are too injured to fight recklessly!
You are too injured to fight recklessly!
You feel much better.
The quokka bites you but does no damage.
The two-headed ogre hits you with a +0 giant spiked club!!
The two-headed ogre hits you with a +0 giant spiked club.
* * * LOW HITPOINT WARNING * * *
You feel much better.
The two-headed ogre hits you but does no damage.
The two-headed ogre hits you with a +0 giant spiked club!
You slash the two-headed ogre!
The two-headed ogre is heavily wounded.
The two-headed ogre hits you with a +0 giant spiked club!!
Ouch! That really hurt!
You die...

.......#.#####
...........#.# *, *
...........#.## ##
..............# * ,...
** ..............####
*....
.................##.....
.....................# ,
...........#####.#...# ,
, ...........#..r#@...##
, ..........#., #O....#
...........#...#.....# ,
.......... #####..##..#
, ... , ,..## #... * ...
, ..# ..# , ... , ..# *
.# .... , ...# ** .....
.. * ,


You could see a two-headed ogre.

Vanquished Creatures
  A phantom (D:4)
  Robin (D:3)
  2 adders (D:4)
  A worm (D:2)
  A dart slug (D:1)
  3 orcs (D:4)
  9 goblins (D:3)
  2 hobgoblins (D:3)
  2 kobolds
  A frilled lizard (D:1)
  2 rats
25 creatures vanquished.

Notes
Turn   | Place    | Note
-------+----------+-------------------------------------------
     0 | D:1      | Flugslaktarn the Deep Dwarf Fighter began the quest for the
                  | Orb.
     0 | D:1      | Reached XP level 1. HP: 20/20 MP: 1/1
    96 | D:2      | Reached XP level 2. HP: 27/27 MP: 2/2
   108 | D:3      | Noticed Robin
   133 | D:3      | Killed Robin
   133 | D:3      | Reached XP level 3. HP: 22/34 MP: 2/2
   288 | D:4      | Noticed a phantom
   356 | D:4      | Killed a phantom
   356 | D:4      | Reached XP level 4. HP: 42/42 MP: 3/3
   356 | D:4      | Reached XP level 5. HP: 49/49 MP: 4/4
   428 | D:4      | Noticed a two-headed ogre
   436 | D:4      | Mangled by a two-headed ogre

Levels and vault maps discovered:
D:1:      ncdulo_smallfort, layout_basic
D:2:      minmay_kobold_bridge, layout_basic, hex_medium,
          kennysheep_generic_room_6
D:3:      layout_basic, first_ration, minmay_misc_feat_tower,
          lemuel_blue_sif_altar, uniq_robin
D:4:      layout_layer_cave, minmay_temple_entry_trees, minmay_distorted

Skill      XL: |  1  2  3 |
---------------+----------+-----
Fighting       | 3 |  3.3
Axes           | 3 4 |  4.0
Armour         | 4 |  4.1
Shields        | 4 |  4.1

Action                   |  1- 3 |  4- 6 || total
-------------------------+-------+-------++-------
Melee: War axe           |    84 |    10 ||    94
 Abil: Heal Wounds       |     4 |     2 ||     6
Armor: Scale mail        |    30 |     5 ||    35
Dodge: Dodged            |    37 |     4 ||    41
Block: Kite shield       |    31 |     3 ||    34

Table legend:
 A = Non-vault XP
 B = Vault XP
 C = Vault XP percentage of total XP
 D = Non-vault monster count
 E = Vault monster count
 F = Vault count percentage of total count
                 A         B        C        D         E       F
            +---------+---------+-------+---------+---------+-------
      Total |     182 |      36 |  16.5 |      13 |      12 |  48.0
            +---------+---------+-------+---------+---------+-------
        D:1 |       8 |       0 |   0.0 |       4 |       0 |   0.0
        D:2 |       5 |       0 |   0.0 |       1 |       0 |   0.0
        D:3 |       2 |      36 |  94.7 |       2 |      12 |  85.7
        D:4 |     167 |       0 |   0.0 |       6 |       0 |   0.0
            +---------+---------+-------+---------+---------+-------
